 Dungeon Crawl Stone Soup version 0.24.1-4-ge52af88ad5 (webtiles) character file.

Game seed: 12366052669592315311, levelgen mode: deterministic

79 Curus the Ruffian (level 4, 0/66 HPs)
             Began as a Troll Berserker on Apr 18, 2020.
             Was a Believer of Trog.
             Killed by nerve-wracking pain
             ... invoked by an orc priest
              (8 damage)
             ... on level 3 of the Dungeon.
             The game lasted 00:11:53 (1790 turns).

Curus the Ruffian (Troll Berserker)                 Turns: 1790, Time: 00:11:54

Health: 0/66       AC:  7    Str: 30      XL:     4   Next: 16%
Magic:  3/3        EV: 10    Int:  3 (4)  God:    Trog [**....]
Gold:   197        SH:  0    Dex:  7 (9)  Spells: 3/3 levels left

rFire    . . .     SeeInvis .     - Unarmed
rCold    . . .     Gourm    +   (no shield)
rNeg     . . .     Faith    .   a - +0 animal skin
rPois    .         Spirit   .   e - +0 hat
rElec    .         Reflect  .   c - +0 cloak
rCorr    .         Harm     .   (gloves unavailable)
MR       .....                  (boots unavailable)
Stlth    ..........             (no amulet)
HPRegen  0.61/turn              h - ring of flight
MPRegen  0.08/turn              (no ring)

@: berserking, very quick
A: large, unfitting armour, claws 3, fast metabolism 3, gourmand, regeneration
1, shaggy fur 1, tough skin 3
a: Berserk, Trog's Hand, Renounce Religion, Evoke Flight


You were on level 3 of the Dungeon.
You worshipped Trog.
Trog was pleased with you.
You were very full.

You visited 1 branch of the dungeon, and saw 3 of its levels.

You collected 197 gold pieces.

Inventory:

Armour
 a - a +0 animal skin (worn)
 c - a +0 cloak (worn)
 e - a +0 hat (worn)
Jewellery
 h - a ring of flight (left claw)
Scrolls
 d - 4 scrolls of identify
 f - a scroll of remove curse
 g - a scroll of magic mapping
Potions
 i - a potion of brilliance
 j - a potion of heal wounds
Comestibles
 b - 8 rations
 k - 4 chunks of flesh


   Skills:
 - Level 2.4 Fighting
 - Level 2.4 Dodging
 + Level 5.0 Unarmed Combat


You had 3 spell levels left.
You didn't know any spells.
Your spell library was empty.

Dungeon Overview and Level Annotations

Branches:
Dungeon (3/15)

Altars:
Ashenzari
Nemelex Xobeh
Okawaru
Sif Muna
Vehumet
Wu Jian
Zin


Innate Abilities, Weirdness & Mutations

You are too large for most types of armour.
You have claws for hands.
Your metabolism is lightning-fast.
You like to eat raw meat.
Your natural rate of healing is unusually fast.
You are covered in fur. (AC +1)
You have extremely tough skin. (AC +3)


Message History

You closely miss the orc priest. The kobold hits you but does no damage.
The orc priest hits you with a +2 trident of protection.
You barely miss the orc priest. The kobold closely misses you.
The orc priest invokes the aid of Beogh against you.
Beogh smites you!
You closely miss the orc priest.
The orc priest invokes the aid of Beogh against you.
Beogh smites you!
* * * LOW HITPOINT WARNING * * *
The kobold hits you with a +2 short sword of holy wrath.
* * * LOW HITPOINT WARNING * * *
A red film seems to cover your vision as you go berserk!
You feel yourself moving faster!
You feel mighty! The orc priest barely misses you.
The kobold barely misses you.
You closely miss the orc priest. The orc priest misses you.
You barely miss the orc priest. The kobold hits you but does no damage.
You scratch the orc priest but do no damage.
The orc priest calls down the wrath of Beogh upon you.
Pain shoots through your body!
You die...

######### #........
################(#######
............)...(.......
################@...###.
.....oKo...#
.....go##### .......
....... ....?.. .....##
####. ###


You could see 2 orc priests, an orc, a goblin and a kobold.

Vanquished Creatures
  An adder (D:3)
  3 oozes
  A dart slug (D:1)
  2 leopard geckos
  2 orcs (D:3)
  A giant cockroach (D:2)
  5 goblins
  6 hobgoblins
  6 kobolds
  2 quokkas
  6 bats
  4 frilled lizards
  9 rats
48 creatures vanquished.

Notes
Turn   | Place    | Note
-------+----------+-------------------------------------------
     0 | D:1      | Curus the Troll Berserker began the quest for the Orb.
     0 | D:1      | Reached XP level 1. HP: 22/22 MP: 0/0
    68 | D:1      | Reached XP level 2. HP: 27/29 MP: 1/1
   265 | D:1      | Reached skill level 4 in Unarmed Combat
   717 | D:2      | Reached XP level 3. HP: 34/36 MP: 2/2
   899 | D:2      | Found a sparkling altar of Nemelex Xobeh.
   945 | D:2      | Found a glowing silver altar of Zin.
   945 | D:2      | Found a faded altar of an unknown god.
   951 | D:2      | Found a shimmering blue altar of Sif Muna.
   953 | D:2      | Found a faded altar of an unknown god.
   955 | D:2      | Found an iron altar of Okawaru.
  1247 | D:2      | Found a shattered altar of Ashenzari.
  1252 | D:2      | Found an ornate altar of the Wu Jian Council.
  1527 | D:3      | Found a radiant altar of Vehumet.
  1565 | D:3      | Reached ** piety under Trog
  1698 | D:3      | Reached XP level 4. HP: 44/44 MP: 3/3
  1726 | D:3      | Reached skill level 5 in Unarmed Combat
  1790 | D:3      | Killed from afar by an orc priest

Levels and vault maps discovered:
D:1:      lemuel_arrival_lava_pool, layout_basic, minmay_pentomino_t4
D:2:      cheibrodos_old_hovel, layout_loops_corners,
          nicolae_overflow_crystal_walls, nemelex_xobeh_ov_fountains_minmay,
          chequers_temple_overflow_minitemple, lemuel_crystal_altar
D:3:      layout_basic, lemuel_crystal_altar, chequers_ecumenical_altar_simple,
          first_ration

Skill      XL: |  1  2  3  4 |
---------------+-------------+-----
Unarmed Combat | 4 5 |  5.0
Fighting       | |  2.4
Dodging        | |  2.4

Action                   |  1- 3 |  4- 6 || total
-------------------------+-------+-------++-------
Melee: Unarmed           |   112 |    14 ||   126
       Punch             |     1 |       ||     1
Invok: Berserk           |       |     1 ||     1
  Use: Potion            |     7 |       ||     7
       Scroll            |     6 |       ||     6
  Eat: Chunk             |    21 |     1 ||    22
Armor: Animal skin       |    52 |     5 ||    57
Dodge: Dodged            |    66 |     6 ||    72
